 Dungeon Crawl Stone Soup version 0.28.0-55-gcd9437bce4 (webtiles) character file.

Game seed: 7488302731316420676

65 Atelerd the Sneak (level 4, 0/27 HPs)
             Began as an Octopode Earth Elementalist on Jan 4, 2023.
             Slain by Natasha (9 damage)
             ... on level 2 of the Dungeon.
             The game lasted 00:01:02 (1591 turns).

Atelerd the Sneak (Octopode Earth Elementalist)     Turns: 1591, Time: 00:01:03

Health: 0/27       AC:  1    Str:  7    XL:     4   Next: 14%
Magic:  2/8        EV: 13    Int: 19    God:
Gold:   91         SH:  0    Dex: 12    Spells: 7/8 levels left

rFire   . . .      SeeInvis .   c - +0 dagger
rCold   . . .      Faith    .   (no shield)
rNeg    . . .      Spirit   .   (helmet restricted)
rPois   .          Reflect  .   (no amulet)
rElec   .          Harm     .   (no ring)
rCorr   .          Rampage  .   (no ring)
Will    .....                   (no ring)
Stlth   +++.......              (no ring)
HPRegen 0.09/turn               (no ring)
MPRegen 0.11/turn               (no ring)
                                (no ring)
                                (no ring)

@: no status effects
A: almost no armour, amphibious, 8 rings, camouflage 1, gelatinous body 1,
(nimble swimmer 1), tentacles
a: no special abilities


You were on level 2 of the Dungeon.
You visited 1 branch of the dungeon, and saw 2 of its levels.

You collected 91 gold pieces.

Inventory:

Hand Weapons
 c - a +0 dagger (weapon)
Missiles
 b - 163 stones
Scrolls
 a - a scroll of enchant weapon {unknown}
 d - a scroll of fear {unknown}
Potions
 e - 2 potions of flight {unknown}
 f - a potion of lignification {unknown}


   Skills:
 + Level 0.3 Fighting
 - Level 2.0 Dodging
 + Level 3.8 Stealth
 + Level 0.2 Unarmed Combat
 + Level 2.6 Spellcasting
 + Level 1.0 Transmutations
 + Level 3.8 Earth Magic


You had 7 spell levels left.
You knew the following spells:

 Your Spells              Type           Power      Damage    Failure   Level
a - Sandblast             Erth           34%        2d9       3%          1

Your spell library contained the following spells:

 Spells                   Type           Power      Damage    Failure   Level
 Passwall                 Tmut/Erth      9%         N/A       9%          2
 Stone Arrow              Conj/Erth      18%        3d8       22%         3
 Blink                    Tloc           4%         N/A       24%         2
 Dazzling Flash           Conj/Hex       4%         N/A       43%         3
 Petrify                  Tmut/Erth      11%        N/A       50%         4
 Iskenderun's Mystic Bla  Conj/Tloc      2%         2d3       83%         4
 Manifold Assault         Tloc           2%         N/A       99%         5
 Starburst                Conj/Fire      1%         6d3       100%        6
 Storm Form               Tmut/Air       2%         N/A       100%        7


Dungeon Overview and Level Annotations

Branches:
Dungeon (2/15)

Altars:

Annotations:
D:2 Natasha


Innate Abilities, Weirdness & Mutations

You cannot wear most types of armour.
You are amphibious.
You can wear up to eight rings at the same time.
Your skin changes colour to match your surroundings (Stealth+).
Your rubbery body absorbs attacks. (AC +1, EV +1)
((You are camouflaged when in or above water. (Stealth+)))
You have tentacles for arms and can constrict up to eight enemies at once.


Message History

Natasha is nearby!
The blast of sand hits Natasha.
Natasha is moderately wounded.
Natasha hisses angrily.
The blast of sand hits Natasha.
Natasha is severely wounded.
Natasha mumbles some strange words.
The blast of sand hits the white imp.
The white imp is lightly wounded.
Natasha casts a spell at you. The magic dart hits you. The white imp hits you.
The white imp freezes you.
You are too injured to fight recklessly!
You are too injured to fight recklessly!
You are too injured to fight recklessly!
Unknown command.
Casting: Sandblast (safe; 3% risk of failure)
Confirm with . or Enter, or press ? or * to list all spells.
Aiming: Sandblast (safe; 3% risk of failure)
Press: ? - help, Shift-Dir - straight line, f - Natasha, p - white imp
Aim: Natasha (severely wounded, 74% to hit)
The blast of sand misses Natasha.
The white imp gestures at you. The puff of frost misses you.
Casting: Sandblast (safe; 3% risk of failure)
Confirm with . or Enter, or press ? or * to list all spells.
Aiming: Sandblast (safe; 3% risk of failure)
Press: ? - help, Shift-Dir - straight line, f/p - Natasha
Aim: Natasha (severely wounded, 74% to hit)
The blast of sand misses Natasha.
Natasha claws you. The white imp closely misses you.
Unknown command.
Casting: Sandblast (safe; 3% risk of failure)
Confirm with . or Enter, or press ? or * to list all spells.
Aiming: Sandblast (safe; 3% risk of failure)
Press: ? - help, Shift-Dir - straight line, f/p - Natasha
Aim: Natasha (severely wounded, 74% to hit)
The blast of sand hits Natasha.
Natasha is severely wounded.
Natasha claws you!
You die...

#...†##.###.## #.
#.............
####.#####..)##.###.##
............##.###.#
....#####..........##
...##......##.......
#.#.....#.#########
#.h5....#.####
##@..........#
#.#...##.##.# .#
#.##.## .# .. #†##.# #
#.#.##.###.##
.##....#......#
.........#.###.#
..##...)....#
#........#


You could see Natasha and a white imp (summoned).

Vanquished Creatures
  Natasha (D:2)
  A gnoll (D:1)
  A dart slug (D:2)
  2 ball pythons
  4 endoplasms
  A giant cockroach (D:1)
  2 goblins
  3 hobgoblins (D:1)
  2 jackals (D:1)
  A quokka (D:1)
  A frilled lizard (D:1)
  3 kobolds (D:1)
  5 rats
27 creatures vanquished.

Notes
Turn   | Place    | Note
-------+----------+-------------------------------------------
     0 | D:1      | Atelerd the Octopode Earth Elementalist began the quest for
                  | the Orb.
     0 | D:1      | Reached XP level 1. HP: 11/11 MP: 3/3
   361 | D:1      | Reached XP level 2. HP: 13/17 MP: 5/5
   642 | D:1      | Reached XP level 3. HP: 21/21 MP: 4/6
   929 | D:1      | Found a faded altar of an unknown god.
  1524 | D:2      | Noticed Natasha
  1529 | D:2      | Killed Natasha
  1530 | D:2      | Reached XP level 4. HP: 16/27 MP: 4/8
  1581 | D:2      | Noticed Natasha
  1591 | D:2      | Slain by Natasha

Illustrated notes

Levels and vault maps discovered:
D:1:      dpeg_arrival_arbitrary_a, layout_basic,
          shapermc_ecumenical_altar_mp_highgroup
D:2:      layout_loops_ring, minmay_fractal_squares_5, uniq_natasha

Skill      XL: |  1 |
---------------+----+-----
Stealth        | 3 |  3.8
Fighting       | |  0.3
Dodging        | |  2.0
Unarmed Combat | |  0.2
Spellcasting   | |  2.6
Transmutations | |  1.0
Earth Magic    | |  3.8

Action                   |  1- 3 |  4- 6 || total
-------------------------+-------+-------++-------
Melee: Unarmed           |     7 |       ||     7
       Tentacles         |     5 |       ||     5
       Constrict         |     8 |       ||     8
       Punch             |     1 |       ||     1
       Dagger            |    18 |       ||    18
 Cast: Sandblast         |    22 |     6 ||    28
 Stab: Sleeping          |     5 |       ||     5
Dodge: Dodged            |    20 |     2 ||    22
